 Dungeon Crawl Stone Soup version 0.24-a0-291-g79c1ce7 (webtiles) character file.

Game seed: 4472656247316431148

29 galech the Skirmisher (level 3, 23/29 HPs)
             Began as a Demonspawn Fighter on May 9, 2019.
             Quit the game on level 2 of the Dungeon.
             The game lasted 00:00:41 (470 turns).

galech the Skirmisher (Demonspawn Fighter)           Turns: 470, Time: 00:00:42

Health: 23/29      AC:  6    Str: 16    XL:     3   Next: 1%
Magic:  3/3        EV:  6    Int:  9    God:
Gold:   48         SH:  9    Dex: 13    Spells: 2/2 levels left

rFire    . . .     SeeInvis .   a - +0 war axe
rCold    . . .     Gourm    .   c - +0 shield
rNeg     . . .     Faith    .   b - +0 scale mail
rPois    .         Spirit   .   (no helmet)
rElec    .         Reflect  .   (no cloak)
rCorr    .         Harm     .   (no gloves)
MR       .....                  (no boots)
Stlth    ..........             (no amulet)
HPRegen  0.09/turn              (no ring)
MPRegen  0.08/turn              (no ring)

@: no status effects
A: claws 1, hooves 1
a: no special abilities


You were on level 2 of the Dungeon.
You were not hungry.

You visited 1 branch of the dungeon, and saw 2 of its levels.

You collected 48 gold pieces.

Inventory:

Hand Weapons
 a - a +0 war axe (weapon)
Armour
 b - a +0 scale mail (worn)
 c - a +0 shield (worn)
Scrolls
 e - a scroll of random uselessness {unknown}
 h - 3 scrolls of immolation {unknown}
 j - a scroll of enchant weapon {unknown}
 k - a scroll of remove curse {unknown}
Potions
 d - 2 potions of might
 i - a potion of mutation {unknown}
 l - a potion of curing {unknown}
Comestibles
 f - 2 rations
 g - 5 chunks of flesh


   Skills:
 + Level 3.4 Fighting
 + Level 2.1 Axes
 + Level 3.0 Armour
 + Level 0.1 Dodging
 + Level 3.0 Shields


You had 2 spell levels left.
You didn't know any spells.
Your spell library was empty.

Dungeon Overview and Level Annotations

Branches:
Dungeon (2/15)

Altars:


Innate Abilities, Weirdness & Mutations

You have sharp fingernails.
You have large cloven feet.


Message History

You block the bat's attack. x2; The worm bites you.
You slash the worm!
You kill the worm!
Your Armour skill increases to level 3!
You hit the bat. The bat hits you but does no damage.
You block the bat's attack. The bat hits you but does no damage.
The bat hits you. The bat hits you but does no damage.
You miss the bat. You kick the bat.
You kill the bat!
You have reached level 3!
Your experience leads to an increase in your attributes!
Increase (S)trength, (I)ntelligence, or (D)exterity?
You feel agile.
Your demonic ancestry asserts itself...
Your fingernails lengthen.
You see here a bat corpse.
You butcher the bat corpse.
g - 5 chunks of flesh (gained 1)
You see here a bat skeleton.
Are you sure you want to abandon this character and quit the game? (Confirm with "yes".)

#. ..... ## #.
#... !.####.##..
...#......# ##
..........##...
.............
..........#
......†..@# #
...###..####.##..
......).........#
........#....##.
..........##.#
...###..### .#
..# #....##.# ##
###.##..#.#
#...###...#####


There were no monsters in sight!

Vanquished Creatures
  A worm (D:2)
  2 leopard geckos (D:1)
  4 goblins (D:1)
  4 hobgoblins
  2 jackals (D:1)
  5 bats
  2 kobolds
  3 rats (D:1)
23 creatures vanquished.

Notes
Turn   | Place    | Note
-------+----------+-------------------------------------------
     0 | D:1      | galech the Demonspawn Fighter began the quest for the Orb.
     0 | D:1      | Reached XP level 1. HP: 18/18 MP: 1/1
    92 | D:1      | Gained mutation: You have large cloven feet. [demonic
                  | ancestry]
    92 | D:1      | Reached XP level 2. HP: 18/24 MP: 2/2
   466 | D:2      | Gained mutation: You have sharp fingernails. [demonic
                  | ancestry]
   466 | D:2      | Reached XP level 3. HP: 23/29 MP: 3/3
   470 | D:2      | Quit the game

Levels and vault maps discovered:
D:1:      mrwooster_arrival_statue, layout_rooms, minmay_door_square
D:2:      layout_rooms, first_ration, st_stairs_5

Skill      XL: |  1  2 |
---------------+-------+-----
Axes           | 2 |  2.1
Shields        | 3 |  3.0
Armour         | 3 |  3.0
Fighting       | |  3.4
Dodging        | |  0.1

Action                   || total
-------------------------++-------
Melee: War axe           ||    62
       Kick              ||     6
Armor: Scale mail        ||    46
Dodge: Dodged            ||    18
Block: Shield            ||    37

Table legend:
 A = Non-vault XP
 B = Vault XP
 C = Vault XP percentage of total XP
 D = Non-vault monster count
 E = Vault monster count
 F = Vault count percentage of total count
                 A         B        C        D         E       F
            +---------+---------+-------+---------+---------+-------
      Total |      42 |       0 |   0.0 |      23 |       0 |   0.0
            +---------+---------+-------+---------+---------+-------
        D:1 |      32 |       0 |   0.0 |      19 |       0 |   0.0
        D:2 |      10 |       0 |   0.0 |       4 |       0 |   0.0
            +---------+---------+-------+---------+---------+-------
